 Dungeon Crawl Stone Soup version 0.31-a0-145-g046c7d2549 (webtiles) character file.

Game seed: 6648252780454964858

10571 qw the Skirmisher (level 11, -1/99 HPs)
             Began as a Minotaur Hunter on June 6, 2023.
             Was an Elder of Okawaru.
             Slain by a vampire (2 damage)
             ... on level 10 of the Dungeon on June 7, 2023.
             The game lasted 00:04:25 (10348 turns).

qw the Skirmisher (Minotaur Hunter)                Turns: 10348, Time: 00:04:26

Health: -1/99      AC: 10    Str: 15    XL:     11   Next: 37%
Magic:  14/14      EV: 25    Int:  6    God:    Okawaru [****..]
Gold:   636        SH:  0    Dex: 19    Spells: 10/10 levels left

rFire   . . .        Y - +0 orcbow (heavy)
rCold   + . .        (shield currently unavailable)
rNeg    . . .        b - +1 leather armour {rC+}
rPois   +            (helmet restricted)
rElec   .            d - +0 cloak
rCorr   .            n - +2 pair of gloves
SInv    .            (no boots)
Will    .....        (no amulet)
Stlth   +            c - +5 ring of evasion
HPRegen 0.36/turn    j - ring of poison resistance
MPRegen 0.14/turn

%: no passive effects
@: confused, heroic
A: horns 2, retaliatory headbutt
a: Renounce Religion, Heroism, Finesse


You were on level 10 of the Dungeon.
You worshipped Okawaru.
Okawaru was greatly pleased with you.
You visited 2 branches of the dungeon, and saw 12 of its levels.

You collected 636 gold pieces.


Innate Abilities, Weirdness & Mutations

You have a pair of horns on your head.
You reflexively headbutt those who attack you in melee.


   Skills:
 - Level 10.0(15.0) Fighting
 + Level 14.8(19.8) Ranged Weapons
 - Level 4.0(9.0) Armour
 - Level 7.5(12.5) Dodging
 - Level 0.7(5.7) Stealth
 + Level 5.7 Invocations


You had 10 spell levels left.
You didn't know any spells.
Your spell library was empty.

Inventory:

Hand Weapons
 Y - a +0 heavy orcbow (weapon)
Armour
 b - a +1 leather armour of cold resistance (worn)
 d - a +0 cloak (worn)
 k - +0 acid dragon scales
 n - a +2 pair of gloves (worn)
Jewellery
 c - a +5 ring of evasion (left hand)
 j - a ring of poison resistance (right hand)
 q - a +4 ring of protection
Scrolls
 f - a scroll of identify
Potions
 e - a potion of magic
 g - a potion of might
 h - 2 potions of curing
 i - a potion of resistance
 l - 6 potions of cancellation

Dungeon Overview and Level Annotations

Branches:
Dungeon (11/15)            Temple (1/1) D:4
   Lair: D:8-11         Orc: D:9-12

Altars:
Ashenzari
Cheibriados
Dithmenos
Elyvilon
Fedhas
Gozag
Hepliaklqana
Kikubaaqudgha
Makhleb
Nemelex Xobeh
Okawaru
Qazlal
Ru
Sif Muna
Trog
Uskayaw
Vehumet
Wu Jian
Xom
Yredelemnul
Zin
The Shining One

Shops:
D:8 *

Annotations:
D:5 3 runed translucent doors, qw's ghost, novice GrFi


Message History

10334 ||| DRINKING 3 potions of curing.
You feel better.
10334 ||| (to cure confusion)
Something misses you. Something barely misses you.
You start resting.
Something closely misses you. Something bites you!
Something draws strength from your injuries!
Deactivating autopickup; reactivate with Ctrl-A.
You shoot an arrow. Something completely misses you. Something bites you.
Something draws strength from your injuries!
You shoot an arrow. Something misses you. Something closely misses you.
You shoot an arrow. Something misses you.
Something bites you but does no damage.
You shoot an arrow. Something hits you! Something closely misses you.
You shoot an arrow. Something closely misses you. x2
You shoot an arrow. Something closely misses you. Something bites you.
Something draws strength from your injuries!
You shoot an arrow. Something misses you. Something closely misses you.
You shoot an arrow. Something hits you! Something barely misses you.
You shoot an arrow. Something hits you. Something bites you!
Something draws strength from your injuries!
You hear some strange, mumbled words.
You are confused.
You shoot an arrow. Something misses you. Something bites you.
Something draws strength from your injuries!
You shoot an arrow. Something barely misses you. Something misses you.
You shoot an arrow. Something hits you but does no damage.
Something bites you but does no damage.
You shoot an arrow. Something hits you! Something bites you.
You die...

....## #.#........#..##..#.#
.....# #.####..####..##..#.#
..##.# #.# #..####..##..#.#
.###.# #<# #....|...##..#.#####
)##..####.# #.######.##....>..<.
.......##.# #.# #.#####..####
...##..##.####.######.# ##..#
..####.##......{....((####.#.##
...##...........@....(....###.###
.......#####.#.#########.## ##...
.##..#.........# ##.###.###
.###.#.#####.### #..#.## ..##.#.#
#.# #.#..# .....#.# #.# #.##.####
.......## #.# #.##..... .#####..#
#.# #.####### ## ##.# #.# #.#
#...


There were no monsters in sight!

Vanquished Creatures
  Harold (D:10)
  Joseph (D:9)
  Maggie (D:8)
  A gargoyle (D:10)
  2 trolls
  Prince Ribbit (D:6)
  A hornet (D:8)
  2 wyverns
  23 yaks
  4 water moccasins
  Duvessa (D:6)
  2 sky beasts
  4 black bears
  An orc warrior (D:8)
  2 ice beasts
  A centaur (D:5)
  5 kobold brigands
  Blork the orc (D:5)
  3 bullfrogs
  2 gnoll sergeants
  6 scorpions
  8 wights
  Dowan (D:6)
  10 killer bees
  4 howler monkeys (D:9)
  A crimson imp (D:10)
  A hound (D:6)
  2 jellies
  8 orc priests
  Natasha (thrice) (D:3)
  An iguana (D:6)
  A sleepcap (D:6)
  10 orc wizards
  Robin (D:3)
  14 gnolls
  5 adders
  A shadow imp (D:7)
  5 white imps
  An ufetubus (D:5)
  4 worms
  2 dart slugs
  49 orcs
  5 endoplasms
  2 giant cockroaches
  16 goblins
  9 hobgoblins
  7 jackals
  31 kobolds
  3 ball pythons (D:1)
  4 bats
  4 frilled lizards
  6 rats
284 creatures vanquished.

Notes
Turn   | Place    | Note
-------+----------+-------------------------------------------
     0 | D:1      | qw the Minotaur Hunter began the quest for the Orb.
     0 | D:1      | Reached XP level 1. HP: 18/18 MP: 0/0
     0 | D:1      | 0 ||| qw: Version: 0.2-a-117-gc6b5c8b
     0 | D:1      | 0 ||| qw: Game counter: 2401
     0 | D:1      | 0 ||| qw: Always use a shield: true
     0 | D:1      | 0 ||| qw: God list: Okawaru
     0 | D:1      | 0 ||| qw: Allow faded altars: false
     0 | D:1      | 0 ||| qw: Do Orc after D:15 true
     0 | D:1      | 0 ||| qw: Do second Lair branch before Depths: true
     0 | D:1      | 0 ||| qw: Lair rune preference: random
     0 | D:1      | 0 ||| qw: Plans: Normal
     0 | D:1      | 0 ||| PLANNING D:1-11
   106 | D:1      | Reached XP level 2. HP: 25/25 MP: 1/1
   157 | D:1      | Reached skill level 5 in Ranged Weapons
   402 | D:1      | Reached skill level 3 in Fighting
   579 | D:1      | 579 ||| UPGRADING to +6 ring of strength.
   580 | D:1      | 580 ||| READING scroll labelled ROZAPP WOONEU.
   581 | D:1      | 581 ||| READING scroll labelled RYOSHIKHEI.
   582 | D:1      | 582 ||| READING 2 scrolls labelled AFUGUMMAMUNI.
   583 | D:1      | 583 ||| READING scroll labelled WUDOM AKHURE.
   583 | D:1      | Identified a scroll of acquirement
   583 | D:1      | 583 ||| ACQUIRING +1 arbalest of freezing
   583 | D:1      | Acquired a +1 arbalest of freezing
   585 | D:1      | 585 ||| SWAPPING to +1 arbalest of freezing.
   586 | D:1      | 586 ||| DROPPING +0 shortbow.
   587 | D:1      | 587 ||| READING 2 scrolls labelled OSMUTE NECI.
   588 | D:1      | 588 ||| READING 2 scrolls labelled MIB QICKOUSIAB.
   589 | D:1      | 589 ||| DROPPING scroll of immolation.
   590 | D:1      | 590 ||| DROPPING scroll of butterflies.
   591 | D:1      | 591 ||| DROPPING scroll of blinking.
   634 | D:2      | Reached XP level 3. HP: 29/31 MP: 2/2
   713 | D:2      | You fall into a shaft and drop 1 floor!
   730 | D:3      | Reached XP level 4. HP: 38/38 MP: 3/3
   739 | D:3      | Reached skill level 6 in Ranged Weapons
   810 | D:3      | Found a blossoming altar of Fedhas.
   821 | D:3      | 821 ||| UPGRADING to amulet of guardian spirit.
   826 | D:3      | 826 ||| DRINKING 2 dark potions.
  1420 | D:2      | 1420 ||| DRINKING 3 murky ruby potions.
  1421 | D:2      | 1421 ||| READING 2 scrolls of identify.
  1421 | D:2      | 1421 ||| IDENTIFYING bubbling purple potion
  1422 | D:2      | 1422 ||| DROPPING 2 potions of degeneration.
  1448 | D:3      | Found a hide-covered altar of Uskayaw.
  1521 | D:3      | Found a faded altar of an unknown god.
  1644 | D:3      | Noticed Natasha
  1647 | D:3      | 1647 ||| Stepping ~*~*~tactically~*~*~ (outnumbered).
  1651 | D:3      | Killed Natasha
  1652 | D:3      | Reached XP level 5. HP: 29/46 MP: 1/4
  1692 | D:3      | Noticed Robin
  1696 | D:3      | Killed Robin
  1698 | D:3      | 1698 ||| FLEEEEING.
  1699 | D:3      | 1699 ||| FLEEEEING.
  1706 | D:3      | 1706 ||| FLEEEEING.
  1707 | D:3      | 1707 ||| FLEEEEING.
  1708 | D:3      | 1708 ||| FLEEEEING.
  1709 | D:3      | 1709 ||| FLEEEEING.
  1710 | D:3      | 1710 ||| FLEEEEING.
  1713 | D:3      | 1713 ||| STAIRDANCE
  1773 | D:2      | 1773 ||| UPGRADING to ring of poison resistance.
  1774 | D:2      | 1774 ||| READING 2 scrolls of identify.
  1774 | D:2      | 1774 ||| IDENTIFYING glowing dark potion
  1775 | D:2      | 1775 ||| DROPPING potion of ambrosia.
  1997 | D:3      | Noticed Natasha
  2004 | D:3      | Killed Natasha
  2141 | D:3      | Noticed Natasha
  2143 | D:3      | 2143 ||| FLEEEEING.
  2153 | D:3      | Killed Natasha
  2154 | D:3      | Reached skill level 7 in Ranged Weapons
  2358 | D:4      | Reached XP level 6. HP: 30/52 MP: 2/5
  2443 | D:4      | Found a staircase to the Ecumenical Temple.
  2444 | D:4      | 2444 ||| PLANNING TEMPLE
  2444 | D:4      | 2444 ||| UPGRADING to +0 leather armour of cold resistance.
  2454 | D:4      | 2454 ||| DROPPING +0 leather armour.
  2455 | D:4      | 2455 ||| DROPPING ring of magical power.
  2456 | D:4      | 2456 ||| DROPPING ring of wizardry.
  2457 | D:4      | 2457 ||| READING scroll labelled DOLISA TIDOAZEOS.
  2466 | Temple   | Entered the Ecumenical Temple
  2517 | Temple   | 2517 ||| PLANNING OKAWARU WORSHIP
  2552 | Temple   | Became a worshipper of Warmaster Okawaru
  2552 | Temple   | 2552 ||| PLANNING D:1-11
  2553 | Temple   | 2553 ||| REMOVING amulet of guardian spirit.
  2558 | Temple   | 2558 ||| DROPPING amulet of guardian spirit.
  2632 | D:4      | Reached skill level 8 in Ranged Weapons
  3365 | D:4      | 3365 ||| UPGRADING to +0 cloak.
  3370 | D:4      | 3370 ||| READING scroll labelled FIDEOG UHUCU.
  3371 | D:4      | 3371 ||| DRINKING 2 brown potions.
  3372 | D:4      | 3372 ||| DRINKING 2 murky dark potions.
  3381 | D:5      | Entered Level 5 of the Dungeon
  3392 | D:5      | Reached XP level 7. HP: 61/61 MP: 6/6
  3466 | D:5      | Reached * piety under Okawaru
  3467 | D:5      | Reached skill level 3 in Dodging
  3525 | D:5      | 3525 ||| INVOKING Heroism.
  3546 | D:5      | Found a runed translucent gate.
  3546 | D:5      | Found a runed translucent gate.
  3549 | D:5      | Found a runed translucent gate.
  3549 | D:5      | Noticed qw's ghost (novice GrFi)
  3555 | D:5      | Noticed Blork the orc
  3556 | D:5      | 3556 ||| INVOKING Heroism.
  3565 | D:5      | Killed Blork the orc
  3569 | D:5      | 3569 ||| INVOKING Heroism.
  3575 | D:5      | Reached skill level 9 in Ranged Weapons
  3740 | D:5      | Reached skill level 1 in Invocations
  3819 | D:5      | 3819 ||| INVOKING Heroism.
  3821 | D:5      | Reached XP level 8. HP: 32/70 MP: 4/8
  3825 | D:5      | Reached skill level 6 in Fighting
  3849 | D:5      | 3849 ||| INVOKING Heroism.
  3958 | D:5      | Found a glowing silver altar of Zin.
  3960 | D:5      | 3960 ||| SWAPPING to +0 orcbow.
  3961 | D:5      | 3961 ||| DROPPING +1 arbalest of freezing.
  4019 | D:5      | Found an ornate altar of the Wu Jian Council.
  4366 | D:5      | Found a snail-covered altar of Cheibriados.
  4522 | D:5      | Reached skill level 3 in Invocations
  4650 | D:5      | 4650 ||| UPGRADING to +0 pair of gloves.
  4655 | D:5      | 4655 ||| READING 3 scrolls labelled FARROSH EKHE.
  4658 | D:5      | 4658 ||| READING scroll labelled JOEZXENOER.
  4659 | D:5      | 4659 ||| READING 2 scrolls of identify.
  4659 | D:5      | 4659 ||| IDENTIFYING fizzy inky potion
  4660 | D:5      | 4660 ||| DROPPING potion of enlightenment.
  4721 | D:6      | Noticed a troll
  4722 | D:6      | 4722 ||| INVOKING Heroism.
  4735 | D:6      | Killed a troll
  4796 | D:6      | Found a broken altar of Ashenzari.
  4904 | D:6      | Reached skill level 10 in Ranged Weapons
  4904 | D:6      | 4904 ||| INVOKING Heroism.
  4937 | D:6      | Found a sparkling altar of Nemelex Xobeh.
  4956 | D:6      | 4956 ||| INVOKING Heroism.
  4971 | D:6      | Reached XP level 9. HP: 79/79 MP: 9/11
  5018 | D:6      | Noticed Prince Ribbit
  5019 | D:6      | 5019 ||| INVOKING Heroism.
  5027 | D:6      | Killed Prince Ribbit
  5027 | D:6      | Reached ** piety under Okawaru
  5093 | D:6      | 5093 ||| INVOKING Heroism.
  5177 | D:6      | Noticed Dowan
  5177 | D:6      | Noticed Duvessa
  5178 | D:6      | 5178 ||| INVOKING Heroism.
  5188 | D:6      | Killed Duvessa
  5196 | D:6      | Killed Dowan
  5281 | D:6      | Reached skill level 11 in Ranged Weapons
  5333 | D:6      | 5333 ||| UPGRADING to +5 ring of evasion.
  5335 | D:6      | 5335 ||| DROPPING ring of flight.
  5336 | D:6      | 5336 ||| DROPPING +6 ring of strength.
  5340 | D:7      | Found a shimmering blue altar of Sif Muna.
  5347 | D:7      | 5347 ||| STAIRDANCE
  5427 | D:7      | 5427 ||| STAIRDANCE
  5434 | D:6      | 5434 ||| INVOKING Heroism.
  5537 | D:7      | 5537 ||| STAIRDANCE
  5542 | D:6      | Reached skill level 12 in Ranged Weapons
  5542 | D:6      | 5542 ||| INVOKING Heroism.
  5643 | D:7      | 5643 ||| STAIRDANCE
  5802 | D:7      | 5802 ||| INVOKING Heroism.
  5818 | D:7      | 5818 ||| INVOKING Heroism.
  6014 | D:7      | Reached skill level 6 in Dodging
  6293 | D:7      | 6293 ||| READING scroll labelled FIAF REDAFRO.
  6480 | D:8      | Found a hazy altar of Hepliaklqana.
  6518 | D:8      | Noticed Maggie
  6519 | D:8      | 6519 ||| Stepping ~*~*~tactically~*~*~ (outnumbered).
  6523 | D:8      | 6523 ||| Stepping ~*~*~tactically~*~*~ (outnumbered).
  6533 | D:8      | 6533 ||| INVOKING Heroism.
  6538 | D:8      | 6538 ||| Stepping ~*~*~tactically~*~*~ (outnumbered).
  6539 | D:8      | Killed Maggie
  6540 | D:8      | Reached XP level 10. HP: 50/88 MP: 9/12
  6544 | D:8      | 6544 ||| Stepping ~*~*~tactically~*~*~ (outnumbered).
  6704 | D:8      | 6704 ||| INVOKING Heroism.
  6731 | D:8      | 6731 ||| FLEEEEING.
  6733 | D:8      | 6733 ||| FLEEEEING.
  6734 | D:8      | 6734 ||| FLEEEEING.
  6739 | D:8      | 6739 ||| FLEEEEING.
  6740 | D:8      | 6740 ||| FLEEEEING.
  6741 | D:8      | 6741 ||| FLEEEEING.
  6742 | D:8      | 6742 ||| FLEEEEING.
  6743 | D:8      | 6743 ||| FLEEEEING.
  6744 | D:8      | 6744 ||| FLEEEEING.
  6745 | D:8      | 6745 ||| FLEEEEING.
  6746 | D:8      | 6746 ||| FLEEEEING.
  6747 | D:8      | 6747 ||| FLEEEEING.
  6748 | D:8      | 6748 ||| FLEEEEING.
  6749 | D:8      | 6749 ||| FLEEEEING.
  6750 | D:8      | 6750 ||| FLEEEEING.
  6752 | D:8      | 6752 ||| FLEEEEING.
  6753 | D:8      | 6753 ||| FLEEEEING.
  6754 | D:8      | 6754 ||| FLEEEEING.
  6755 | D:8      | 6755 ||| FLEEEEING.
  6756 | D:8      | 6756 ||| FLEEEEING.
  6757 | D:8      | 6757 ||| FLEEEEING.
  6758 | D:8      | 6758 ||| FLEEEEING.
  6759 | D:8      | 6759 ||| FLEEEEING.
  6760 | D:8      | 6760 ||| FLEEEEING.
  6761 | D:8      | 6761 ||| FLEEEEING.
  6762 | D:8      | 6762 ||| FLEEEEING.
  6763 | D:8      | 6763 ||| FLEEEEING.
  6764 | D:8      | 6764 ||| FLEEEEING.
  6765 | D:8      | 6765 ||| FLEEEEING.
  6766 | D:8      | 6766 ||| FLEEEEING.
  6767 | D:8      | 6767 ||| FLEEEEING.
  6768 | D:8      | 6768 ||| FLEEEEING.
  6769 | D:8      | 6769 ||| FLEEEEING.
  6770 | D:8      | 6770 ||| FLEEEEING.
  6771 | D:8      | 6771 ||| FLEEEEING.
  6772 | D:8      | 6772 ||| FLEEEEING.
  6773 | D:8      | 6773 ||| FLEEEEING.
  6774 | D:8      | 6774 ||| FLEEEEING.
  6776 | D:8      | 6776 ||| FLEEEEING.
  6777 | D:8      | 6777 ||| FLEEEEING.
  6778 | D:8      | 6778 ||| FLEEEEING.
  6779 | D:8      | 6779 ||| FLEEEEING.
  6780 | D:8      | 6780 ||| FLEEEEING.
  6829 | D:8      | Reached skill level 13 in Ranged Weapons
  6838 | D:8      | 6838 ||| INVOKING Heroism.
  6960 | D:8      | Found a glowing golden altar of the Shining One.
  6964 | D:8      | Found an ancient bone altar of Kikubaaqudgha.
  6976 | D:8      | Reached skill level 9 in Fighting
  7063 | D:8      | Reached *** piety under Okawaru
  7077 | D:8      | 7077 ||| Stepping ~*~*~tactically~*~*~ (outnumbered).
  7079 | D:8      | 7079 ||| Stepping ~*~*~tactically~*~*~ (outnumbered).
  7083 | D:8      | 7083 ||| Stepping ~*~*~tactically~*~*~ (outnumbered).
  7091 | D:8      | 7091 ||| INVOKING Heroism.
  7104 | D:8      | 7104 ||| FLEEEEING.
  7107 | D:8      | 7107 ||| STAIRDANCE
  7265 | D:7      | 7265 ||| DROPPING +0 ring mail.
  7266 | D:7      | 7266 ||| UPGRADING to +0 acid dragon scales.
  7276 | D:7      | 7276 ||| DRINKING 2 metallic white potions.
  7277 | D:7      | 7277 ||| DROPPING potion of attraction.
  7313 | D:8      | Reached skill level 3 in Armour
  7388 | D:8      | Found Soad's Serpentskin Sales.
  7609 | D:8      | 7609 ||| UPGRADING to +1 leather armour of cold resistance.
  7619 | D:8      | 7619 ||| DROPPING +0 leather armour of cold resistance.
  7711 | D:9      | Noticed Joseph
  7729 | D:9      | 7729 ||| INVOKING Heroism.
  7740 | D:9      | HP: 18/91 [Joseph/+3 quarterstaff (7)]
  7741 | D:9      | 7741 ||| READING 2 scrolls of teleportation.
  7742 | D:9      | 7742 ||| DRINKING 4 potions of heal wounds.
  7746 | D:9      | HP: 15/91 [Joseph/+3 quarterstaff (12)]
  7747 | D:9      | 7747 ||| DRINKING 3 potions of heal wounds.
  7999 | D:9      | Reached skill level 14 in Ranged Weapons
  8150 | D:9      | Identified the +10 quarterstaff of Circular Logic {freeze,
                  | Drain Int+2 Dex+4}
  8175 | D:9      | 8175 ||| INVOKING Heroism.
  8186 | D:9      | Killed Joseph
  8425 | D:9      | 8425 ||| Stepping ~*~*~tactically~*~*~ (outnumbered).
  8430 | D:9      | 8430 ||| Stepping ~*~*~tactically~*~*~ (outnumbered).
  8432 | D:9      | 8432 ||| Stepping ~*~*~tactically~*~*~ (outnumbered).
  8639 | D:9      | 8639 ||| DROPPING ring of protection from cold.
  8640 | D:9      | 8640 ||| DRINKING 2 black potions.
  8641 | D:9      | 8641 ||| READING 2 scrolls of identify.
  8641 | D:9      | 8641 ||| IDENTIFYING lumpy yellow potion
  8642 | D:9      | 8642 ||| DROPPING potion of lignification.
  8649 | D:10     | Entered Level 10 of the Dungeon
  8706 | D:10     | 8706 ||| READING scroll of enchant armour.
  8706 | D:10     | 8706 ||| ENCHANTING +0 pair of gloves.
  8747 | D:10     | Reached **** piety under Okawaru
  8764 | D:10     | Reached XP level 11. HP: 94/97 MP: 13/13
  8778 | D:10     | 8778 ||| READING scroll of enchant armour.
  8778 | D:10     | 8778 ||| ENCHANTING +1 pair of gloves.
  8804 | D:10     | Found a burning altar of Makhleb.
  8806 | D:10     | Found a radiant altar of Vehumet.
  8853 | D:10     | 8853 ||| Stepping ~*~*~tactically~*~*~ (outnumbered).
  8855 | D:10     | 8855 ||| Stepping ~*~*~tactically~*~*~ (outnumbered).
  8871 | D:10     | Identified the staff of earth "Abbelaa" {Int+2}
  8897 | D:10     | Found a shadowy altar of Dithmenos.
  9026 | D:10     | 9026 ||| INVOKING Heroism.
  9033 | D:10     | HP: 21/97 [gargoyle/+0 flail (18)]
  9034 | D:10     | 9034 ||| READING scroll of teleportation.
  9034 | D:10     | HP: 7/97 [gargoyle/+0 flail (14)]
  9035 | D:10     | 9035 ||| DRINKING 2 potions of heal wounds.
  9036 | D:10     | 9036 ||| DRINKING potion of heal wounds.
  9290 | D:10     | 9290 ||| INVOKING Heroism.
  9494 | D:10     | 9494 ||| INVOKING Heroism.
  9733 | D:10     | 9733 ||| INVOKING Heroism.
  9860 | D:10     | Noticed Harold
  9861 | D:10     | 9861 ||| INVOKING Heroism.
  9869 | D:10     | 9869 ||| DRINKING 4 potions of curing.
  9869 | D:10     | 9869 ||| (to cure confusion)
  9877 | D:10     | HP: 17/99 [Harold/+5 heavy glaive (26)]
  9878 | D:10     | HP: 6/99 [Harold/+5 heavy glaive (11)]
  9883 | D:10     | Killed Harold
 10210 | D:10     | Found a bloodstained altar of Trog.
 10278 | D:10     | 10278 ||| READING scroll labelled BINLESA NEAMIST.
 10320 | D:11     | 10320 ||| STAIRDANCE
 10324 | D:10     | 10324 ||| INVOKING Heroism.
 10334 | D:10     | 10334 ||| DRINKING 3 potions of curing.
 10334 | D:10     | 10334 ||| (to cure confusion)
 10343 | D:10     | HP: 19/99 [something (8)]
 10344 | D:10     | HP: 9/99 [something (8)]
 10348 | D:10     | HP: 1/99 [something (8)]
 10348 | D:10     | Slain by a vampire

Levels and vault maps discovered:
D:1:      dpeg_arrival_rooms_c, layout_loops_ring, minmay_misc_feat_five
D:2:      layout_basic, hangedman_decor_push
D:3:      layout_loops_ring, mainiacjoe_overflow_chevrons,
          mainiacjoe_overflow_concentric_impassable,
          hellmonk_ecumenical_altar_pennies_from_heaven,
          minmay_misc_feat_plants, uniq_natasha, uniq_robin
D:4:      layout_gridville, minmay_temple_entry_offerings
D:5:      layout_loops_corners, mainiacjoe_overflow_alcove_2,
          lemuel_round_altar, nzn_wu_jian_contemplation,
          ebering_ghost_rock_garden, uniq_blork_the_orc
D:6:      layout_basic, nemelex_xobeh_ov_fountains_minmay,
          nicolae_ashenzari_panopticon, minmay_statues_item,
          uniq_prince_ribbit1, uniq_duvessa
D:7:      layout_rooms, mainiacjoe_overflow_cross_hatched
D:8:      layout_loops_ring, kennysheep_mini_moat,
          chequers_temple_overflow_statue_of_worship, special_room
          [special_room_orc], guppyfry_shop_venom, uniq_maggie
D:9:      layout_rooms, uniq_joseph
D:10:     layout_loops_ring, bloody_trog, nicolae_dithmenos_shadow_blocks,
          grunt_temple_overflow_lords_of_destruction, enter_bailey_8,
          uniq_harold
D:11:     layout_cross, erik_lair_island, orc_0_dummy,
          portal_ice_cave_entry_imps, minmay_lindwurm_lava
Temple:   nicolae_temple_great_sept

Skill      XL: |  1  2  3  4  5  6  7  8  9 10 11 |
---------------+----------------------------------+-----
Ranged Weapons | 5 6 7 8 9 10 12 14 | 14.8
Fighting       | 3 4 5 7 8 9 10 | 10.0
Armour         | 2 4 |  4.0
Dodging        | 3 4 6 7 |  7.5
Invocations    | 1 4 5 |  5.7
Stealth        | |  0.7

Action                     |  1- 3 |  4- 6 |  7- 9 | 10-12 || total
---------------------------+-------+-------+-------+-------++-------
   Fire: Shortbow          |    60 |       |       |       ||    60
         Arbalest          |    15 |   131 |    45 |       ||   191
         Orcbow            |       |       |   281 |   467 ||   748
 Invoke: Heroism           |       |       |    16 |    11 ||    27
    Use: Scroll            |     6 |     4 |     4 |     6 ||    20
         Potion            |       |     4 |       |     8 ||    12
 Armour: Leather armour    |     3 |    12 |    38 |    44 ||    97
         Acid dragon scale |       |       |       |     3 ||     3
  Dodge: Dodged            |    12 |    24 |   183 |   267 ||   486

Table legend:
 A = Non-vault XP
 B = Vault XP
 C = Vault XP percentage of total XP
 D = Non-vault monster count
 E = Vault monster count
 F = Vault count percentage of total count
                 A         B        C        D         E       F
            +---------+---------+-------+---------+---------+-------
      Total |   12240 |    2862 |  19.0 |     232 |      52 |  18.3
            +---------+---------+-------+---------+---------+-------
        D:1 |      37 |       0 |   0.0 |      22 |       0 |   0.0
        D:2 |      60 |       0 |   0.0 |      16 |       0 |   0.0
        D:3 |     141 |      78 |  35.6 |      15 |      14 |  48.3
        D:4 |     397 |       0 |   0.0 |      20 |       0 |   0.0
        D:5 |    1021 |      94 |   8.4 |      32 |       1 |   3.0
        D:6 |    1863 |     490 |  20.8 |      27 |       3 |  10.0
        D:7 |    1311 |       0 |   0.0 |      19 |       0 |   0.0
        D:8 |    1377 |     791 |  36.5 |      24 |      27 |  52.9
        D:9 |    2055 |     445 |  17.8 |      28 |       1 |   3.4
       D:10 |    3972 |     954 |  19.4 |      25 |       5 |  16.7
       D:11 |       6 |      10 |  62.5 |       4 |       1 |  20.0
            +---------+---------+-------+---------+---------+-------
